 Dungeon Crawl Stone Soup version 0.21.1-1-g345015f (webtiles) character file.

125 JeffiDaFish the Skirmisher (level 4, -1/41 HPs)
             Began as a Draconian Chaos Knight on Feb 23, 2018.
             Slain by Sigmund
             ... wielding a +0 scythe
              (3 damage)
             ... on level 3 of the Dungeon.
             The game lasted 00:09:33 (2635 turns).

JeffiDaFish the Skirmisher (Draconian Chaos Knight) Turns: 2635, Time: 00:09:33

Health: -1/41      AC:  5    Str: 15    XL:     4   Next: 82%
Magic:  4/4        EV: 12    Int: 13    God:    Xom [...*..]
Gold:   130        SH:  0    Dex: 10    Spells: 3/3 levels left

rFire    . . .     SeeInvis .   e - +1 war axe (flame)
rCold    . . .     Gourm    .   (no shield)
rNeg     . . .     Faith    .   (armour unavailable)
rPois    .         Spirit   .   (helmet restricted)
rElec    .         Reflect  .   (no cloak)
rCorr    .         Harm     .   (no gloves)
MR       .....                  (no boots)
Stlth    +.........             (no amulet)
HPRegen  0.13/turn              (no ring)
MPRegen  0.09/turn              (no ring)

@: no status effects
A: unfitting armour, cold-blooded, AC +5
a: Renounce Religion


You were on level 3 of the Dungeon.
You worshipped Xom.
You were a favourite toy of Xom.
You were not hungry.

You visited 1 branch of the dungeon, and saw 3 of its levels.

You collected 130 gold pieces.

Inventory:

Hand Weapons
 a - a +1 falchion of chaos
 e - a +1 war axe of flaming (weapon)
Scrolls
 c - 2 scrolls of identify
Comestibles
 b - 5 rations
 d - 13 chunks of flesh


   Skills:
 * Level 4.5 Fighting
 - Level 4.2 Long Blades
 * Level 0.0 Axes
 + Level 2.8 Dodging


You had 3 spell levels left.
You didn't know any spells.

Dungeon Overview and Level Annotations

Branches:
Dungeon (3/15)

Altars:
Sif Muna

Annotations:
D:3 Sigmund


Innate Abilities, Weirdness & Mutations

Your plain brown scales are hard. (AC +5)
You cannot fit into any form of body armour.
You are cold-blooded and may be slowed by cold attacks.


Message History

Sigmund gestures wildly while chanting.
Sigmund flickers and vanishes!
Deactivating autopickup; reactivate with Ctrl-A.
You hit the goblin. You burn the goblin.
You kill the goblin!
No target in view!
No target in view!
There is an open door here.
You see here a goblin corpse.
Something hits you! Something hits you.
You miss something. Something hits you.
You barely miss something. Something hits you.
You barely miss something. Something hits you!
* * * LOW HITPOINT WARNING * * *
You miss something. Something hits you!
* * * LOW HITPOINT WARNING * * *
You aren't carrying any potions.
You barely miss something. You tail-slap something. Something hits you.
You die...

#.# ###########...# #
#. ##..# # .# #..# #
.. ##.## # ####. #..#
# .....#### #).# #
#.....# #..###
#...{.##########...##
#...@.†..........#.##
#.....############..#
#.....# ##.# #.....#
#.. #.....# ########.
........ .........
###.##+#. ###########
#. .# #.........)
#.#########


There were no monsters in sight!

Vanquished Creatures
  Robin (D:3)
  An adder (D:2)
  An ooze (D:1)
  A worm (D:3)
  2 dart slugs
  3 leopard geckos
  8 orcs (D:3)
  2 bats
  3 giant cockroaches
  18 goblins
  11 hobgoblins
  9 jackals
  2 quokkas (D:2)
  A frilled lizard (D:2)
  4 kobolds
  7 rats
74 creatures vanquished.

Notes
Turn   | Place    | Note
-------+----------+-------------------------------------------
     0 | D:1      | JeffiDaFish the Draconian Chaos Knight began the quest for the Orb.
     0 | D:1      | Reached XP level 1. HP: 19/19 MP: 1/1
   120 | D:1      | Reached XP level 2. HP: 24/26 MP: 2/2
   246 | D:1      | XOM: cloud trail
   354 | D:1      | XOM: divination: detect creatures
   812 | D:1      | Reached XP level 3. HP: 33/33 MP: 3/3
   831 | D:1      | XOM: harmless Hex miscast
   970 | D:1      | XOM: cloud trail
  1082 | D:1      | XOM: divination: magic mapping
  1505 | D:2      | XOM: cloud trail
  1720 | D:3      | Reached XP level 4. HP: 40/40 MP: 4/4
  1816 | D:3      | Found a deep blue altar of Sif Muna.
  2028 | D:3      | Noticed Robin
  2092 | D:3      | Killed Robin
  2409 | D:3      | XOM: god gift: scroll labeled MAEFIM LOTS {god gift}
  2425 | D:3      | XOM: confuse monster(s)
  2626 | D:3      | Noticed Sigmund
  2634 | D:3      | HP: 1/41 [something (10)]
  2635 | D:3      | Slain by Sigmund

Skill      XL: |  1  2  3  4 |
---------------+-------------+-----
Fighting       | 4 |  4.5
Long Blades    | 4 |  4.2
Dodging        | |  2.8

Action                   |  1- 3 |  4- 6 || total
-------------------------+-------+-------++-------
Melee: Falchion          |   118 |    66 ||   184
       Tailslap          |     8 |     9 ||    17
       War axe           |       |     7 ||     7
  Use: Scroll            |     6 |     4 ||    10
       Potion            |       |     1 ||     1
 Stab: Petrifying        |     2 |       ||     2
       Confused          |     1 |       ||     1
       Paralysed         |     1 |       ||     1
       Sleeping          |       |     1 ||     1
  Eat: Chunk             |     3 |     3 ||     6
Armor: Skin              |    39 |    23 ||    62
Dodge: Dodged            |    73 |    35 ||   108
       Rpst.: Falchion   |    28 |    11 ||    39
